 Dungeon Crawl Stone Soup version 0.18.1-48-g4cf74bf (webtiles) character file.

74 Heedrag the Conjurer (level 4, -7/24 HPs)
             Began as a Deep Elf Conjurer on Aug 13, 2016.
             Mangled by a gnoll
             ... wielding a +0 halberd
              (10 damage)
             ... on level 3 of the Dungeon.
             The game lasted 00:02:58 (1486 turns).

Heedrag the Conjurer (Deep Elf Conjurer)            Turns: 1486, Time: 00:02:59

Health: -7/24      AC:  2    Str:  6    XL:     4   Next: 9%
Magic:  7/12       EV:  8    Int: 20    God:
Gold:   71         SH:  0    Dex: 15    Spells: 1 memorised, 10 levels left

rFire  . . .     SeeInvis .     e - +0 dagger
rCold  . . .     Gourm    .     a - +0 robe
rNeg   . . .     Faith    .     (no shield)
rPois  .         Spirit   .     (no helmet)
rElec  .         Dismiss  .     (no cloak)
rCorr  .         Reflect  .     (no gloves)
SustAt .         Harm     .     (no boots)
MR     .....                    (no amulet)
Stlth  ++........               (no ring)
                                (no ring)

@: not resistant to hostile enchantments, unstealthy
A: no striking features
a: no special abilities


You were on level 3 of the Dungeon.
You were not hungry.

You visited 1 branch of the dungeon, and saw 3 of its levels.

You collected 71 gold pieces.

Inventory:

Hand Weapons
 e - a +0 dagger (weapon)
Armour
 a - a +0 robe (worn)
Jewellery
 d - an uncursed amulet of guardian spirit
 r - an uncursed ring of ice
 u - a cursed ring of loudness {unknown}
Scrolls
 f - 3 scrolls of remove curse {unknown}
 j - a scroll of enchant armour {unknown}
 k - a scroll of magic mapping {unknown}
 m - a scroll of noise {unknown}
 n - a scroll of blinking {unknown}
 o - 2 scrolls of identify {unknown}
 p - a scroll of enchant weapon {unknown}
 t - 2 scrolls of recharging {unknown}
Potions
 g - a potion of curing {unknown}
 h - a potion of magic {unknown}
 i - a potion of heal wounds {unknown}
 l - a potion of agility {unknown}
Books
 b - a book of Conjurations

   Spells                             Type                      Level
   a - Magic Dart                     Conjuration                  1
   b - Searing Ray                    Conjuration                  2
   c - Dazzling Spray                 Conjuration/Hexes            3
   d - Fulminant Prism                Conjuration/Hexes            4
   e - Iskenderun's Mystic Blast      Conjuration                  4
   f - Iskenderun's Battlesphere      Conjuration/Charms           5
Comestibles
 c - a bread ration
 q - 3 chunks of flesh
 s - a meat ration


   Skills:
 - Level 2.4 Dodging
 - Level 2.4 Stealth
 + Level 4.4 Spellcasting
 * Level 5.5 Conjurations


You had 10 spell levels left.
You knew the following spells:

 Your Spells              Type           Power        Failure   Level  Hunger
a - Magic Dart            Conj           ####         1%          1    None


Dungeon Overview and Level Annotations

Branches:
Dungeon (3/15)

Altars:
Pakellas


Message History

Unknown command.
Castin': Magic Dart Confirm wit' . or Enter, or press ? or * ta list all spells.
Aimin': Magic Dart
Press: ? - help, Shift-Dir - straight line, f/p - gnoll
Aim: a gnoll, wieldin' a spear (severely wounded) Tha magic dart hits tha gnoll.
Ye kill tha gnoll!
Ye haf reached level 4!
Ye feel cle'er.
Tha gnoll hits ye from afar wit' a halberd!
* * * LOW HITPOINT WARNIN'
* * * Castin': Magic Dart Confirm wit' . or Enter, or press ? or * ta list all spells.
Aimin': Magic Dart
Press: ? - help, Shift-Dir - straight line, f - gnoll
Aim: a gnoll, wieldin' a halberd Tha magic dart hits tha gnoll.
Tha gnoll be heavily wounded.
Tha gnoll hits ye from afar wit' a halberd!
Ye die...

#####.#####.#
#........##.#
#.##........#
...###.##..#..#..#
....).g...........#
.#..###.##..#..#..#
# #.##..#.##..#
#.....g))...#
#####<..@...#
###.##### #.# #.#
#.# #.# #.# #.


You could see a gnoll.

Vanquished Creatures
  3 gnolls (D:3)
  An ooze (D:1)
  3 dart slugs
  A giant gecko (D:1)
  A giant cockroach (D:2)
  5 goblins (D:1)
  9 hobgoblins
  A quokka (D:2)
  3 bats
  A giant newt (D:2)
  2 kobolds (D:1)
  4 rats
34 creatures vanquished.

Notes
Turn   | Place    | Note
--------------------------------------------------------------
     0 | D:1      | Heedrag the Deep Elf Conjurer began the quest for the Orb.
     0 | D:1      | Reached XP level 1. HP: 10/10 MP: 6/6
   150 | D:1      | Reached XP level 2. HP: 15/15 MP: 5/8
   440 | D:1      | Reached skill level 5 in Conjurations
   615 | D:2      | Reached XP level 3. HP: 16/19 MP: 5/10
   871 | D:2      | Found an oddly glowing altar of Pakellas.
  1484 | D:3      | Reached XP level 4. HP: 13/24 MP: 8/12
  1486 | D:3      | Mangled by a gnoll

Skill      XL: |  1  2  3 |
---------------+----------+-----
Conjurations   | 5 |  5.5
Spellcasting   | 4 |  4.4
Dodging        | |  2.4
Stealth        | |  2.4

Action                   |  1- 3 |  4- 6 || total
-------------------------+-------+-------++-------
 Cast: Magic Dart        |    75 |     2 ||    77
  Eat: Chunk             |     2 |       ||     2
Dodge: Dodged            |     7 |       ||     7
